%YAML 1.1
%TAG !u! tag:unity3d.com,2011:
--- !u!65 &2478628021906678720
BoxCollider:
  m_ObjectHideFlags: 0
  m_CorrespondingSourceObject: {fileID: 0}
  m_PrefabInstance: {fileID: 0}
  m_PrefabAsset: {fileID: 0}
  m_GameObject: {fileID: 3857315347662010253}
  m_Material: {fileID: 0}
  m_IsTrigger: 0
  m_Enabled: 1
  serializedVersion: 2
  m_Size: {x: 1.5379236, y: 2.4793148, z: 0.88094646}
  m_Center: {x: 0.2689607, y: 1.2615143, z: -0.059526786}
--- !u!95 &2222815666392891822
Animator:
  serializedVersion: 3
  m_ObjectHideFlags: 0
  m_CorrespondingSourceObject: {fileID: 0}
  m_PrefabInstance: {fileID: 0}
  m_PrefabAsset: {fileID: 0}
  m_GameObject: {fileID: 4324456154176232147}
  m_Enabled: 1
  m_Avatar: {fileID: 0}
  m_Controller: {fileID: 9100000, guid: 77f0e1c3a449d1e4fb50c849e6249604, type: 2}
  m_CullingMode: 0
  m_UpdateMode: 0
  m_ApplyRootMotion: 1
  m_LinearVelocityBlending: 0
  m_WarningMessage: 
  m_HasTransformHierarchy: 1
  m_AllowConstantClipSamplingOptimization: 1
  m_KeepAnimatorControllerStateOnDisable: 0
--- !u!95 &16796042969364140
Animator:
  serializedVersion: 3
  m_ObjectHideFlags: 0
  m_CorrespondingSourceObject: {fileID: 0}
  m_PrefabInstance: {fileID: 0}
  m_PrefabAsset: {fileID: 0}
  m_GameObject: {fileID: 5405220797884895030}
  m_Enabled: 1
  m_Avatar: {fileID: 0}
  m_Controller: {fileID: 9100000, guid: b3b006eb02fdb6240bddc7c5a1245428, type: 2}
  m_CullingMode: 0
  m_UpdateMode: 0
  m_ApplyRootMotion: 1
  m_LinearVelocityBlending: 0
  m_WarningMessage: 
  m_HasTransformHierarchy: 1
  m_AllowConstantClipSamplingOptimization: 1
  m_KeepAnimatorControllerStateOnDisable: 0
--- !u!1 &8412316043453324581
GameObject:
  m_ObjectHideFlags: 0
  m_CorrespondingSourceObject: {fileID: 0}
  m_PrefabInstance: {fileID: 0}
  m_PrefabAsset: {fileID: 0}
  serializedVersion: 6
  m_Component:
  - component: {fileID: 6482074563938793740}
  m_Layer: 0
  m_Name: Vaisselier_2
  m_TagString: Untagged
  m_Icon: {fileID: 0}
  m_NavMeshLayer: 0
  m_StaticEditorFlags: 0
  m_IsActive: 1
--- !u!4 &6482074563938793740
Transform:
  m_ObjectHideFlags: 0
  m_CorrespondingSourceObject: {fileID: 0}
  m_PrefabInstance: {fileID: 0}
  m_PrefabAsset: {fileID: 0}
  m_GameObject: {fileID: 8412316043453324581}
  m_LocalRotation: {x: -0, y: -0, z: -0, w: 1}
  m_LocalPosition: {x: 4.2117066, y: -5.0006223, z: 3.8927546}
  m_LocalScale: {x: 0.877193, y: 0.877193, z: 0.877193}
  m_Children:
  - {fileID: 8721042090643203078}
  - {fileID: 4125181134580744034}
  - {fileID: 307839074439316626}
  - {fileID: 8784413316546858032}
  - {fileID: 4525061491820211511}
  m_Father: {fileID: 0}
  m_RootOrder: 0
  m_LocalEulerAnglesHint: {x: 0, y: 0, z: 0}
--- !u!1001 &274459528430199673
PrefabInstance:
  m_ObjectHideFlags: 0
  serializedVersion: 2
  m_Modification:
    m_TransformParent: {fileID: 6482074563938793740}
    m_Modifications:
    - target: {fileID: -8679921383154817045, guid: b780b761290d8684b9063239e50b3379,
        type: 3}
      propertyPath: m_LocalPosition.x
      value: -1.7279054
      objectReference: {fileID: 0}
    - target: {fileID: -8679921383154817045, guid: b780b761290d8684b9063239e50b3379,
        type: 3}
      propertyPath: m_LocalPosition.y
      value: -0.56131065
      objectReference: {fileID: 0}
    - target: {fileID: -8679921383154817045, guid: b780b761290d8684b9063239e50b3379,
        type: 3}
      propertyPath: m_LocalPosition.z
      value: 0.047019552
      objectReference: {fileID: 0}
    - target: {fileID: -8679921383154817045, guid: b780b761290d8684b9063239e50b3379,
        type: 3}
      propertyPath: m_LocalRotation.x
      value: -0
      objectReference: {fileID: 0}
    - target: {fileID: -8679921383154817045, guid: b780b761290d8684b9063239e50b3379,
        type: 3}
      propertyPath: m_LocalRotation.y
      value: -0
      objectReference: {fileID: 0}
    - target: {fileID: -8679921383154817045, guid: b780b761290d8684b9063239e50b3379,
        type: 3}
      propertyPath: m_LocalRotation.z
      value: -0
      objectReference: {fileID: 0}
    - target: {fileID: -8679921383154817045, guid: b780b761290d8684b9063239e50b3379,
        type: 3}
      propertyPath: m_LocalRotation.w
      value: 1
      objectReference: {fileID: 0}
    - target: {fileID: -8679921383154817045, guid: b780b761290d8684b9063239e50b3379,
        type: 3}
      propertyPath: m_RootOrder
      value: 2
      objectReference: {fileID: 0}
    - target: {fileID: -8679921383154817045, guid: b780b761290d8684b9063239e50b3379,
        type: 3}
      propertyPath: m_LocalEulerAnglesHint.x
      value: 0
      objectReference: {fileID: 0}
    - target: {fileID: -8679921383154817045, guid: b780b761290d8684b9063239e50b3379,
        type: 3}
      propertyPath: m_LocalEulerAnglesHint.y
      value: 0
      objectReference: {fileID: 0}
    - target: {fileID: -8679921383154817045, guid: b780b761290d8684b9063239e50b3379,
        type: 3}
      propertyPath: m_LocalEulerAnglesHint.z
      value: 0
      objectReference: {fileID: 0}
    - target: {fileID: -8679921383154817045, guid: b780b761290d8684b9063239e50b3379,
        type: 3}
      propertyPath: m_LocalScale.x
      value: 0.0064844335
      objectReference: {fileID: 0}
    - target: {fileID: -8679921383154817045, guid: b780b761290d8684b9063239e50b3379,
        type: 3}
      propertyPath: m_LocalScale.y
      value: 0.0064844335
      objectReference: {fileID: 0}
    - target: {fileID: -8679921383154817045, guid: b780b761290d8684b9063239e50b3379,
        type: 3}
      propertyPath: m_LocalScale.z
      value: 0.0064844335
      objectReference: {fileID: 0}
    - target: {fileID: -7511558181221131132, guid: b780b761290d8684b9063239e50b3379,
        type: 3}
      propertyPath: m_Materials.Array.data[0]
      value: 
      objectReference: {fileID: 2100000, guid: f60e13402e705ab4a8923c996b1c56c3, type: 2}
    - target: {fileID: 919132149155446097, guid: b780b761290d8684b9063239e50b3379,
        type: 3}
      propertyPath: m_Name
      value: Vase_6 (1)
      objectReference: {fileID: 0}
    - target: {fileID: 919132149155446097, guid: b780b761290d8684b9063239e50b3379,
        type: 3}
      propertyPath: m_StaticEditorFlags
      value: 4294967295
      objectReference: {fileID: 0}
    m_RemovedComponents: []
  m_SourcePrefab: {fileID: 100100000, guid: b780b761290d8684b9063239e50b3379, type: 3}
--- !u!4 &307839074439316626 stripped
Transform:
  m_CorrespondingSourceObject: {fileID: -8679921383154817045, guid: b780b761290d8684b9063239e50b3379,
    type: 3}
  m_PrefabInstance: {fileID: 274459528430199673}
  m_PrefabAsset: {fileID: 0}
--- !u!1001 &4127133506574961372
PrefabInstance:
  m_ObjectHideFlags: 0
  serializedVersion: 2
  m_Modification:
    m_TransformParent: {fileID: 6482074563938793740}
    m_Modifications:
    - target: {fileID: -9059940456105958611, guid: 8327c20ffe0b8bc44989a6b924f545f1,
        type: 3}
      propertyPath: m_LocalRotation.x
      value: 0
      objectReference: {fileID: 0}
    - target: {fileID: -9059940456105958611, guid: 8327c20ffe0b8bc44989a6b924f545f1,
        type: 3}
      propertyPath: m_LocalRotation.y
      value: 0
      objectReference: {fileID: 0}
    - target: {fileID: -9059940456105958611, guid: 8327c20ffe0b8bc44989a6b924f545f1,
        type: 3}
      propertyPath: m_LocalRotation.w
      value: 1
      objectReference: {fileID: 0}
    - target: {fileID: -9059940456105958611, guid: 8327c20ffe0b8bc44989a6b924f545f1,
        type: 3}
      propertyPath: m_LocalEulerAnglesHint.y
      value: 0
      objectReference: {fileID: 0}
    - target: {fileID: -9059940456105958611, guid: 8327c20ffe0b8bc44989a6b924f545f1,
        type: 3}
      propertyPath: m_LocalRotation.z
      value: 0
      objectReference: {fileID: 0}
    - target: {fileID: -8679921383154817045, guid: 8327c20ffe0b8bc44989a6b924f545f1,
        type: 3}
      propertyPath: m_LocalPosition.x
      value: -1.821744
      objectReference: {fileID: 0}
    - target: {fileID: -8679921383154817045, guid: 8327c20ffe0b8bc44989a6b924f545f1,
        type: 3}
      propertyPath: m_LocalPosition.y
      value: -0.5791329
      objectReference: {fileID: 0}
    - target: {fileID: -8679921383154817045, guid: 8327c20ffe0b8bc44989a6b924f545f1,
        type: 3}
      propertyPath: m_LocalPosition.z
      value: 0.17179811
      objectReference: {fileID: 0}
    - target: {fileID: -8679921383154817045, guid: 8327c20ffe0b8bc44989a6b924f545f1,
        type: 3}
      propertyPath: m_LocalRotation.x
      value: -0
      objectReference: {fileID: 0}
    - target: {fileID: -8679921383154817045, guid: 8327c20ffe0b8bc44989a6b924f545f1,
        type: 3}
      propertyPath: m_LocalRotation.y
      value: 0.9946018
      objectReference: {fileID: 0}
    - target: {fileID: -8679921383154817045, guid: 8327c20ffe0b8bc44989a6b924f545f1,
        type: 3}
      propertyPath: m_LocalRotation.z
      value: -0
      objectReference: {fileID: 0}
    - target: {fileID: -8679921383154817045, guid: 8327c20ffe0b8bc44989a6b924f545f1,
        type: 3}
      propertyPath: m_LocalRotation.w
      value: 0.103765875
      objectReference: {fileID: 0}
    - target: {fileID: -8679921383154817045, guid: 8327c20ffe0b8bc44989a6b924f545f1,
        type: 3}
      propertyPath: m_RootOrder
      value: 4
      objectReference: {fileID: 0}
    - target: {fileID: -8679921383154817045, guid: 8327c20ffe0b8bc44989a6b924f545f1,
        type: 3}
      propertyPath: m_LocalEulerAnglesHint.x
      value: 0
      objectReference: {fileID: 0}
    - target: {fileID: -8679921383154817045, guid: 8327c20ffe0b8bc44989a6b924f545f1,
        type: 3}
      propertyPath: m_LocalEulerAnglesHint.y
      value: 168.08801
      objectReference: {fileID: 0}
    - target: {fileID: -8679921383154817045, guid: 8327c20ffe0b8bc44989a6b924f545f1,
        type: 3}
      propertyPath: m_LocalEulerAnglesHint.z
      value: 0
      objectReference: {fileID: 0}
    - target: {fileID: -8679921383154817045, guid: 8327c20ffe0b8bc44989a6b924f545f1,
        type: 3}
      propertyPath: m_LocalScale.x
      value: 1.1400001
      objectReference: {fileID: 0}
    - target: {fileID: -8679921383154817045, guid: 8327c20ffe0b8bc44989a6b924f545f1,
        type: 3}
      propertyPath: m_LocalScale.y
      value: 1.14
      objectReference: {fileID: 0}
    - target: {fileID: -8679921383154817045, guid: 8327c20ffe0b8bc44989a6b924f545f1,
        type: 3}
      propertyPath: m_LocalScale.z
      value: 1.1400001
      objectReference: {fileID: 0}
    - target: {fileID: -7643091161196485317, guid: 8327c20ffe0b8bc44989a6b924f545f1,
        type: 3}
      propertyPath: m_Materials.Array.data[0]
      value: 
      objectReference: {fileID: 2100000, guid: 9184ab72ed68eda4e84244b6065d550a, type: 2}
    - target: {fileID: -7511558181221131132, guid: 8327c20ffe0b8bc44989a6b924f545f1,
        type: 3}
      propertyPath: m_Materials.Array.data[0]
      value: 
      objectReference: {fileID: 2100000, guid: 9184ab72ed68eda4e84244b6065d550a, type: 2}
    - target: {fileID: -6867773021184163549, guid: 8327c20ffe0b8bc44989a6b924f545f1,
        type: 3}
      propertyPath: m_Materials.Array.data[0]
      value: 
      objectReference: {fileID: 2100000, guid: 9184ab72ed68eda4e84244b6065d550a, type: 2}
    - target: {fileID: -6867773021184163549, guid: 8327c20ffe0b8bc44989a6b924f545f1,
        type: 3}
      propertyPath: m_Materials.Array.data[1]
      value: 
      objectReference: {fileID: 2100000, guid: 18cb949743475194e84ef7541c7f2efd, type: 2}
    - target: {fileID: -1583650558277954305, guid: 8327c20ffe0b8bc44989a6b924f545f1,
        type: 3}
      propertyPath: m_LocalRotation.x
      value: 0
      objectReference: {fileID: 0}
    - target: {fileID: -1583650558277954305, guid: 8327c20ffe0b8bc44989a6b924f545f1,
        type: 3}
      propertyPath: m_LocalRotation.y
      value: 0
      objectReference: {fileID: 0}
    - target: {fileID: -1583650558277954305, guid: 8327c20ffe0b8bc44989a6b924f545f1,
        type: 3}
      propertyPath: m_LocalRotation.w
      value: 1
      objectReference: {fileID: 0}
    - target: {fileID: -1583650558277954305, guid: 8327c20ffe0b8bc44989a6b924f545f1,
        type: 3}
      propertyPath: m_LocalEulerAnglesHint.y
      value: 0
      objectReference: {fileID: 0}
    - target: {fileID: -1583650558277954305, guid: 8327c20ffe0b8bc44989a6b924f545f1,
        type: 3}
      propertyPath: m_LocalRotation.z
      value: 0
      objectReference: {fileID: 0}
    - target: {fileID: 379722916724363279, guid: 8327c20ffe0b8bc44989a6b924f545f1,
        type: 3}
      propertyPath: m_StaticEditorFlags
      value: 0
      objectReference: {fileID: 0}
    - target: {fileID: 919132149155446097, guid: 8327c20ffe0b8bc44989a6b924f545f1,
        type: 3}
      propertyPath: m_Name
      value: Vaisselier
      objectReference: {fileID: 0}
    - target: {fileID: 919132149155446097, guid: 8327c20ffe0b8bc44989a6b924f545f1,
        type: 3}
      propertyPath: m_StaticEditorFlags
      value: 4294967295
      objectReference: {fileID: 0}
    - target: {fileID: 2297326971064125352, guid: 8327c20ffe0b8bc44989a6b924f545f1,
        type: 3}
      propertyPath: m_Materials.Array.data[0]
      value: 
      objectReference: {fileID: 2100000, guid: 9184ab72ed68eda4e84244b6065d550a, type: 2}
    - target: {fileID: 2297326971064125352, guid: 8327c20ffe0b8bc44989a6b924f545f1,
        type: 3}
      propertyPath: m_Materials.Array.data[1]
      value: 
      objectReference: {fileID: 2100000, guid: 18cb949743475194e84ef7541c7f2efd, type: 2}
    - target: {fileID: 5966587970419827702, guid: 8327c20ffe0b8bc44989a6b924f545f1,
        type: 3}
      propertyPath: m_StaticEditorFlags
      value: 4294967295
      objectReference: {fileID: 0}
    - target: {fileID: 8234187208596702698, guid: 8327c20ffe0b8bc44989a6b924f545f1,
        type: 3}
      propertyPath: m_StaticEditorFlags
      value: 0
      objectReference: {fileID: 0}
    m_RemovedComponents: []
  m_SourcePrefab: {fileID: 100100000, guid: 8327c20ffe0b8bc44989a6b924f545f1, type: 3}
--- !u!1 &3857315347662010253 stripped
GameObject:
  m_CorrespondingSourceObject: {fileID: 919132149155446097, guid: 8327c20ffe0b8bc44989a6b924f545f1,
    type: 3}
  m_PrefabInstance: {fileID: 4127133506574961372}
  m_PrefabAsset: {fileID: 0}
--- !u!4 &4525061491820211511 stripped
Transform:
  m_CorrespondingSourceObject: {fileID: -8679921383154817045, guid: 8327c20ffe0b8bc44989a6b924f545f1,
    type: 3}
  m_PrefabInstance: {fileID: 4127133506574961372}
  m_PrefabAsset: {fileID: 0}
--- !u!1 &5405220797884895030 stripped
GameObject:
  m_CorrespondingSourceObject: {fileID: 8234187208596702698, guid: 8327c20ffe0b8bc44989a6b924f545f1,
    type: 3}
  m_PrefabInstance: {fileID: 4127133506574961372}
  m_PrefabAsset: {fileID: 0}
--- !u!1 &4324456154176232147 stripped
GameObject:
  m_CorrespondingSourceObject: {fileID: 379722916724363279, guid: 8327c20ffe0b8bc44989a6b924f545f1,
    type: 3}
  m_PrefabInstance: {fileID: 4127133506574961372}
  m_PrefabAsset: {fileID: 0}
--- !u!1001 &4382090856646085286
PrefabInstance:
  m_ObjectHideFlags: 0
  serializedVersion: 2
  m_Modification:
    m_TransformParent: {fileID: 6482074563938793740}
    m_Modifications:
    - target: {fileID: 3354900680328102293, guid: ec6a083ccdb9e9f458cb0105a4c15976,
        type: 3}
      propertyPath: m_Name
      value: Interieur_Vaisselier (1)
      objectReference: {fileID: 0}
    - target: {fileID: 4987966609371694742, guid: ec6a083ccdb9e9f458cb0105a4c15976,
        type: 3}
      propertyPath: m_LocalPosition.x
      value: -5.5742655
      objectReference: {fileID: 0}
    - target: {fileID: 4987966609371694742, guid: ec6a083ccdb9e9f458cb0105a4c15976,
        type: 3}
      propertyPath: m_LocalPosition.y
      value: 5.7007093
      objectReference: {fileID: 0}
    - target: {fileID: 4987966609371694742, guid: ec6a083ccdb9e9f458cb0105a4c15976,
        type: 3}
      propertyPath: m_LocalPosition.z
      value: -7.07798
      objectReference: {fileID: 0}
    - target: {fileID: 4987966609371694742, guid: ec6a083ccdb9e9f458cb0105a4c15976,
        type: 3}
      propertyPath: m_LocalRotation.x
      value: -0
      objectReference: {fileID: 0}
    - target: {fileID: 4987966609371694742, guid: ec6a083ccdb9e9f458cb0105a4c15976,
        type: 3}
      propertyPath: m_LocalRotation.y
      value: -0.2460666
      objectReference: {fileID: 0}
    - target: {fileID: 4987966609371694742, guid: ec6a083ccdb9e9f458cb0105a4c15976,
        type: 3}
      propertyPath: m_LocalRotation.z
      value: -0
      objectReference: {fileID: 0}
    - target: {fileID: 4987966609371694742, guid: ec6a083ccdb9e9f458cb0105a4c15976,
        type: 3}
      propertyPath: m_LocalRotation.w
      value: 0.96925294
      objectReference: {fileID: 0}
    - target: {fileID: 4987966609371694742, guid: ec6a083ccdb9e9f458cb0105a4c15976,
        type: 3}
      propertyPath: m_RootOrder
      value: 3
      objectReference: {fileID: 0}
    - target: {fileID: 4987966609371694742, guid: ec6a083ccdb9e9f458cb0105a4c15976,
        type: 3}
      propertyPath: m_LocalEulerAnglesHint.x
      value: 0
      objectReference: {fileID: 0}
    - target: {fileID: 4987966609371694742, guid: ec6a083ccdb9e9f458cb0105a4c15976,
        type: 3}
      propertyPath: m_LocalEulerAnglesHint.y
      value: -28.490002
      objectReference: {fileID: 0}
    - target: {fileID: 4987966609371694742, guid: ec6a083ccdb9e9f458cb0105a4c15976,
        type: 3}
      propertyPath: m_LocalEulerAnglesHint.z
      value: 0
      objectReference: {fileID: 0}
    - target: {fileID: 4987966609371694742, guid: ec6a083ccdb9e9f458cb0105a4c15976,
        type: 3}
      propertyPath: m_LocalScale.x
      value: 1.1399999
      objectReference: {fileID: 0}
    - target: {fileID: 4987966609371694742, guid: ec6a083ccdb9e9f458cb0105a4c15976,
        type: 3}
      propertyPath: m_LocalScale.y
      value: 1.14
      objectReference: {fileID: 0}
    - target: {fileID: 4987966609371694742, guid: ec6a083ccdb9e9f458cb0105a4c15976,
        type: 3}
      propertyPath: m_LocalScale.z
      value: 1.1399999
      objectReference: {fileID: 0}
    m_RemovedComponents: []
  m_SourcePrefab: {fileID: 100100000, guid: ec6a083ccdb9e9f458cb0105a4c15976, type: 3}
--- !u!4 &8784413316546858032 stripped
Transform:
  m_CorrespondingSourceObject: {fileID: 4987966609371694742, guid: ec6a083ccdb9e9f458cb0105a4c15976,
    type: 3}
  m_PrefabInstance: {fileID: 4382090856646085286}
  m_PrefabAsset: {fileID: 0}
--- !u!1001 &4518569614521571465
PrefabInstance:
  m_ObjectHideFlags: 0
  serializedVersion: 2
  m_Modification:
    m_TransformParent: {fileID: 6482074563938793740}
    m_Modifications:
    - target: {fileID: -8679921383154817045, guid: 9d8eb713737c103418fbe551762b954c,
        type: 3}
      propertyPath: m_LocalPosition.x
      value: -2.0471056
      objectReference: {fileID: 0}
    - target: {fileID: -8679921383154817045, guid: 9d8eb713737c103418fbe551762b954c,
        type: 3}
      propertyPath: m_LocalPosition.y
      value: -0.5738503
      objectReference: {fileID: 0}
    - target: {fileID: -8679921383154817045, guid: 9d8eb713737c103418fbe551762b954c,
        type: 3}
      propertyPath: m_LocalPosition.z
      value: 0.14733961
      objectReference: {fileID: 0}
    - target: {fileID: -8679921383154817045, guid: 9d8eb713737c103418fbe551762b954c,
        type: 3}
      propertyPath: m_LocalRotation.x
      value: -0
      objectReference: {fileID: 0}
    - target: {fileID: -8679921383154817045, guid: 9d8eb713737c103418fbe551762b954c,
        type: 3}
      propertyPath: m_LocalRotation.y
      value: -0
      objectReference: {fileID: 0}
    - target: {fileID: -8679921383154817045, guid: 9d8eb713737c103418fbe551762b954c,
        type: 3}
      propertyPath: m_LocalRotation.z
      value: -0
      objectReference: {fileID: 0}
    - target: {fileID: -8679921383154817045, guid: 9d8eb713737c103418fbe551762b954c,
        type: 3}
      propertyPath: m_LocalRotation.w
      value: 1
      objectReference: {fileID: 0}
    - target: {fileID: -8679921383154817045, guid: 9d8eb713737c103418fbe551762b954c,
        type: 3}
      propertyPath: m_RootOrder
      value: 1
      objectReference: {fileID: 0}
    - target: {fileID: -8679921383154817045, guid: 9d8eb713737c103418fbe551762b954c,
        type: 3}
      propertyPath: m_LocalEulerAnglesHint.x
      value: 0
      objectReference: {fileID: 0}
    - target: {fileID: -8679921383154817045, guid: 9d8eb713737c103418fbe551762b954c,
        type: 3}
      propertyPath: m_LocalEulerAnglesHint.y
      value: 0
      objectReference: {fileID: 0}
    - target: {fileID: -8679921383154817045, guid: 9d8eb713737c103418fbe551762b954c,
        type: 3}
      propertyPath: m_LocalEulerAnglesHint.z
      value: 0
      objectReference: {fileID: 0}
    - target: {fileID: -8679921383154817045, guid: 9d8eb713737c103418fbe551762b954c,
        type: 3}
      propertyPath: m_LocalScale.x
      value: 0.007434396
      objectReference: {fileID: 0}
    - target: {fileID: -8679921383154817045, guid: 9d8eb713737c103418fbe551762b954c,
        type: 3}
      propertyPath: m_LocalScale.y
      value: 0.007434396
      objectReference: {fileID: 0}
    - target: {fileID: -8679921383154817045, guid: 9d8eb713737c103418fbe551762b954c,
        type: 3}
      propertyPath: m_LocalScale.z
      value: 0.007434396
      objectReference: {fileID: 0}
    - target: {fileID: -7511558181221131132, guid: 9d8eb713737c103418fbe551762b954c,
        type: 3}
      propertyPath: m_Materials.Array.data[0]
      value: 
      objectReference: {fileID: 2100000, guid: 78f2c23f072a8404a8b269a9a10dba87, type: 2}
    - target: {fileID: 919132149155446097, guid: 9d8eb713737c103418fbe551762b954c,
        type: 3}
      propertyPath: m_Name
      value: Vase_2
      objectReference: {fileID: 0}
    - target: {fileID: 919132149155446097, guid: 9d8eb713737c103418fbe551762b954c,
        type: 3}
      propertyPath: m_StaticEditorFlags
      value: 4294967295
      objectReference: {fileID: 0}
    m_RemovedComponents: []
  m_SourcePrefab: {fileID: 100100000, guid: 9d8eb713737c103418fbe551762b954c, type: 3}
--- !u!4 &4125181134580744034 stripped
Transform:
  m_CorrespondingSourceObject: {fileID: -8679921383154817045, guid: 9d8eb713737c103418fbe551762b954c,
    type: 3}
  m_PrefabInstance: {fileID: 4518569614521571465}
  m_PrefabAsset: {fileID: 0}
--- !u!1001 &9119196532199506925
PrefabInstance:
  m_ObjectHideFlags: 0
  serializedVersion: 2
  m_Modification:
    m_TransformParent: {fileID: 6482074563938793740}
    m_Modifications:
    - target: {fileID: -8679921383154817045, guid: 20891fb372543174885a75d4d3ec2942,
        type: 3}
      propertyPath: m_LocalPosition.x
      value: -1.6321455
      objectReference: {fileID: 0}
    - target: {fileID: -8679921383154817045, guid: 20891fb372543174885a75d4d3ec2942,
        type: 3}
      propertyPath: m_LocalPosition.y
      value: -0.5692906
      objectReference: {fileID: 0}
    - target: {fileID: -8679921383154817045, guid: 20891fb372543174885a75d4d3ec2942,
        type: 3}
      propertyPath: m_LocalPosition.z
      value: 0.23967999
      objectReference: {fileID: 0}
    - target: {fileID: -8679921383154817045, guid: 20891fb372543174885a75d4d3ec2942,
        type: 3}
      propertyPath: m_LocalRotation.x
      value: -0
      objectReference: {fileID: 0}
    - target: {fileID: -8679921383154817045, guid: 20891fb372543174885a75d4d3ec2942,
        type: 3}
      propertyPath: m_LocalRotation.y
      value: -0
      objectReference: {fileID: 0}
    - target: {fileID: -8679921383154817045, guid: 20891fb372543174885a75d4d3ec2942,
        type: 3}
      propertyPath: m_LocalRotation.z
      value: -0
      objectReference: {fileID: 0}
    - target: {fileID: -8679921383154817045, guid: 20891fb372543174885a75d4d3ec2942,
        type: 3}
      propertyPath: m_LocalRotation.w
      value: 1
      objectReference: {fileID: 0}
    - target: {fileID: -8679921383154817045, guid: 20891fb372543174885a75d4d3ec2942,
        type: 3}
      propertyPath: m_RootOrder
      value: 0
      objectReference: {fileID: 0}
    - target: {fileID: -8679921383154817045, guid: 20891fb372543174885a75d4d3ec2942,
        type: 3}
      propertyPath: m_LocalEulerAnglesHint.x
      value: 0
      objectReference: {fileID: 0}
    - target: {fileID: -8679921383154817045, guid: 20891fb372543174885a75d4d3ec2942,
        type: 3}
      propertyPath: m_LocalEulerAnglesHint.y
      value: 0
      objectReference: {fileID: 0}
    - target: {fileID: -8679921383154817045, guid: 20891fb372543174885a75d4d3ec2942,
        type: 3}
      propertyPath: m_LocalEulerAnglesHint.z
      value: 0
      objectReference: {fileID: 0}
    - target: {fileID: -8679921383154817045, guid: 20891fb372543174885a75d4d3ec2942,
        type: 3}
      propertyPath: m_LocalScale.x
      value: 0.011399999
      objectReference: {fileID: 0}
    - target: {fileID: -8679921383154817045, guid: 20891fb372543174885a75d4d3ec2942,
        type: 3}
      propertyPath: m_LocalScale.y
      value: 0.011399999
      objectReference: {fileID: 0}
    - target: {fileID: -8679921383154817045, guid: 20891fb372543174885a75d4d3ec2942,
        type: 3}
      propertyPath: m_LocalScale.z
      value: 0.011399999
      objectReference: {fileID: 0}
    - target: {fileID: -7511558181221131132, guid: 20891fb372543174885a75d4d3ec2942,
        type: 3}
      propertyPath: m_Materials.Array.data[0]
      value: 
      objectReference: {fileID: 2100000, guid: c5b226228badc344a9ae05e4db8d9132, type: 2}
    - target: {fileID: 919132149155446097, guid: 20891fb372543174885a75d4d3ec2942,
        type: 3}
      propertyPath: m_Name
      value: Vase_5
      objectReference: {fileID: 0}
    - target: {fileID: 919132149155446097, guid: 20891fb372543174885a75d4d3ec2942,
        type: 3}
      propertyPath: m_StaticEditorFlags
      value: 4294967295
      objectReference: {fileID: 0}
    m_RemovedComponents: []
  m_SourcePrefab: {fileID: 100100000, guid: 20891fb372543174885a75d4d3ec2942, type: 3}
--- !u!4 &8721042090643203078 stripped
Transform:
  m_CorrespondingSourceObject: {fileID: -8679921383154817045, guid: 20891fb372543174885a75d4d3ec2942,
    type: 3}
  m_PrefabInstance: {fileID: 9119196532199506925}
  m_PrefabAsset: {fileID: 0}
